 Dungeon Crawl Stone Soup version 0.32-a0-119-g2e8054a (webtiles) character file.

Game seed: 1115957668670574738

58 Dawnplanks the Trooper (level 4, 44/49 HPs)
             Began as an Oni Cinder Acolyte on Feb 6, 2024.
             Was a High Priest of Ignis.
             Quit the game on level 3 of the Dungeon.
             The game lasted 00:04:12 (1675 turns).

Dawnplanks the Trooper (Oni Cinder Acolyte)         Turns: 1675, Time: 00:04:13

Health: 44/49      AC:  3    Str: 20    XL:     4   Next: 2%
Magic:  6/6        EV:  9    Int: 15    God:    Ignis [*****.]
Gold:   88         SH:  0    Dex:  4    Spells: 4/6 levels left

rFire   + . .        a - -1 mace (flame)
rCold   . . .        (no shield)
rNeg    . . .        b - +0 robe
rPois   .            (helmet restricted)
rElec   .            (no cloak)
rCorr   .            (gloves unavailable)
SInv    .            (boots unavailable)
Will    .....        i - amulet of guardian spirit
Stlth   +            (no ring)
HPRegen 0.28/turn    (no ring)
MPRegen 0.10/turn

%: guardian spirit
@: no status effects
A: large, unfitting armour, horns 1, tough skin 1, double potion healing,
drunken brawling
a: Renounce Religion, Fiery Armour, Foxfire Swarm, Rising Flame


You were on level 3 of the Dungeon.
You worshipped Ignis.
Ignis was extremely pleased with you.
You visited 1 branch of the dungeon, and saw 3 of its levels.

You collected 110 gold pieces.
You spent 22 gold pieces at shops.

Inventory:

Hand Weapons
 a - a -1 mace of flaming (weapon)
Armour
 b - a +0 robe (worn)
Magical Staves
 e - a staff of fire
Jewellery
 i - an amulet of guardian spirit (around neck)
Scrolls
 f - a scroll of teleportation {unknown}
 g - a scroll of vulnerability {unknown}
 h - 2 scrolls of brand weapon {unknown}
 k - a scroll of poison {unknown}
Potions
 c - a potion of enlightenment {unknown}
 d - a potion of might {unknown}
 j - a potion of berserk rage
 l - a potion of heal wounds {unknown}
 m - a potion of curing {unknown}
 n - a potion of attraction {unknown}


   Skills:
 + Level 4.9 Fighting
 + Level 3.7 Maces & Flails
 + Level 0.5 Dodging
 + Level 1.5 Spellcasting
 + Level 3.0 Fire Magic


You had 4 spell levels left.
You knew the following spells:

 Your Spells              Type           Power      Damage    Failure   Level
a - Scorch                Fire           20%        2d5       11%         2

Your spell library contained the following spells:

 Spells                   Type           Power      Damage    Failure   Level
 Sandblast                Erth           2%         2d4       24%         1
 Jinxbite                 Hex            2%         N/A       34%         2
 Passwall                 Erth           1%         N/A       56%         3
 Stone Arrow              Conj/Erth      2%         3d7       56%         3
 Brom's Barrelling Bould  Conj/Erth      1%         2d3       93%         4
 Yara's Violent Unravell  Hex/Alch       0%         3d3       100%        5
 Enfeeble                 Hex            0%         N/A       100%        7


Dungeon Overview and Level Annotations

Branches:
Dungeon (3/15)

Altars:

Shops:
D:2 (**


Innate Abilities, Weirdness & Mutations

You are too large for most types of armour.
You have a pair of small horns on your head.
You have tough skin. (AC +1)
You gain doubled healing and magic from potions.
Whenever you drink a healing potion, you attack all around you.


Message History

The giant cockroach is moderately wounded.
The giant cockroach bites you but does no damage. x2
You hit the giant cockroach. You burn the giant cockroach.
The giant cockroach is heavily wounded.
The giant cockroach barely misses you.
You barely miss the giant cockroach.
Your headbutt misses the giant cockroach.
The giant cockroach is heavily wounded.
The giant cockroach bites you but does no damage.
The giant cockroach bites you.
You barely miss the giant cockroach.
The giant cockroach is heavily wounded.
The giant cockroach barely misses you.
You barely miss the giant cockroach.
The giant cockroach is heavily wounded.
The giant cockroach bites you but does no damage.
The giant cockroach bites you.
You closely miss the giant cockroach.
The giant cockroach is heavily wounded.
The giant cockroach bites you but does no damage.
You completely miss the giant cockroach.
You headbutt the giant cockroach.
The giant cockroach is severely wounded.
The giant cockroach bites you but does no damage.
The giant cockroach barely misses you.
You hit the giant cockroach. You burn the giant cockroach.
You kill the giant cockroach!
You have reached level 4!
You now have 88 gold pieces (gained 12).
An endoplasm comes into view.
The endoplasm freezes you.
You are frozen.
You hit the endoplasm. You burn the endoplasm.
You headbutt the endoplasm, but do no damage.
The endoplasm is heavily wounded.
The endoplasm hits you. x2
You sock the endoplasm! You burn the endoplasm.
You kill the endoplasm!
No target in view!
Are you sure you want to abandon this character and quit the game? (Confirm with "yes".)

#. ... #.# #.# #.# #.#
###.##### #.#
##.......####.######
.#.....#...........##
#........#..........#
##...<..##.##.####..##.#
#......###.##...@.......
.##.#### #.#######.#####
#.# #.# # #†# #.# #.#
#.. #.# ### #.# #.# #.#


There were no monsters in sight!

Vanquished Creatures
  An adder (D:3)
  3 dart slugs
  3 orcs (D:3)
  5 ball pythons
  5 endoplasms
  3 giant cockroaches
  4 goblins
  4 hobgoblins
  A bat (D:1)
  2 frilled lizards
  A kobold (D:1)
  5 rats
37 creatures vanquished.

Notes
Turn   | Place    | Note
-------+----------+-------------------------------------------
     0 | D:1      | Dawnplanks the Oni Cinder Acolyte began the quest for the
                  | Orb.
     0 | D:1      | Reached XP level 1. HP: 24/24 MP: 2/2
    64 | D:1      | Reached XP level 2. HP: 28/33 MP: 3/3
   669 | D:1      | Reached XP level 3. HP: 19/40 MP: 4/4
  1128 | D:2      | Found Gupaklat's General Store.
  1138 | D:2      | Learned a level 2 spell: Scorch
  1145 | D:2      | Found Buiwarphu's General Store.
  1177 | D:2      | Bought a scroll of identify for 22 gold pieces
  1305 | D:2      | Found Wyafuecs's Antique Weapon Shop.
  1337 | D:2      | You fall into a shaft and drop 1 floor!
  1654 | D:3      | Reached XP level 4. HP: 47/49 MP: 6/6
  1675 | D:3      | Quit the game

Illustrated notes

Levels and vault maps discovered:
D:1:      spicycebolla_arrival_ecumenical, layout_basic
D:2:      layout_rooms, serial_shops, shop, shop, nicolae_shop_advertising_works
          [nicolae_subvault_shop_adworks], shop
D:3:      layout_loops_ring

Skill      XL: |  1  2  3 |
---------------+----------+-----
Fire Magic     | 3 |  3.0
Fighting       | |  4.9
Maces & Flails | |  3.7
Dodging        | |  0.5
Spellcasting   | |  1.5

Action                     |  1- 3 |  4- 6 || total
---------------------------+-------+-------++-------
  Melee: Mace              |   116 |     2 ||   118
         Headbutt          |     7 |     1 ||     8
         Punch             |     1 |       ||     1
   Cast: Scorch            |     2 |       ||     2
    Use: Scroll            |     1 |       ||     1
 Armour: Robe              |    92 |     2 ||    94
  Dodge: Dodged            |    43 |       ||    43

Table legend: (Time is in decaauts)
 A = Elapsed time spent in this place.
 B = Non-inter-level travel time spent in this place.
 C = Inter-level travel time spent in this place.
 D = Time resting spent in this place.
 E = Time spent auto-exploring this place.
 F = Levels seen in this place.
 G = Mean time per level.
                   A        B        C        D        E       F      G
               +--------+--------+--------+--------+--------+-----+--------+
         Total |   1702 |   1610 |     92 |      0 |   1318 |   3 |  567.3 |
       Dungeon |   1702 |   1610 |     92 |      0 |   1318 |   3 |  567.3 |
               +--------+--------+--------+--------+--------+-----+--------+

Top non-repeatable levels by time:
     D:1: 1088 daAuts
     D:3: 349 daAuts
     D:2: 264 daAuts
